 Dungeon Crawl Stone Soup version 0.24.1-14-gf8d2b509d9 (webtiles) character file.

Game seed: 13032793909867097786, levelgen mode: deterministic

32 psuckher the Skirmisher (level 3, 0/27 HPs)
             Began as an Octopode Wanderer on May 2, 2022.
             Slain by a worm (5 damage)
             ... on level 2 of the Dungeon.
             The game lasted 00:07:19 (1093 turns).

psuckher the Skirmisher (Octopode Wanderer)         Turns: 1093, Time: 00:07:20

Health: 0/27       AC:  1    Str: 15    XL:     3   Next: 25%
Magic:  4/4        EV: 12    Int: 17    God:
Gold:   42         SH:  0    Dex: 10    Spells: 4/4 levels left

rFire    . . .     SeeInvis .   a - +2 hand crossbow
rCold    . . .     Gourm    .   (no shield)
rNeg     . . .     Faith    .   (helmet restricted)
rPois    .         Spirit   .   (no amulet)
rElec    .         Reflect  .   i - +5 ring of intelligence
rCorr    .         Harm     .   (no ring)
MR       .....                  (no ring)
Stlth    +++.......             (no ring)
HPRegen  0.09/turn              (no ring)
MPRegen  0.09/turn              (no ring)
                                (no ring)
                                (no ring)

@: no status effects
A: almost no armour, stealthy swim, amphibious, 8 rings, constrict 8, camouflage
1, gelatinous body 1
a: no special abilities


You were on level 2 of the Dungeon.
You were very full.

You visited 1 branch of the dungeon, and saw 2 of its levels.

You collected 42 gold pieces.

Inventory:

Hand Weapons
 a - a +2 hand crossbow (weapon)
 f - a +0 dagger
Missiles
 b - 46 bolts (quivered)
 g - 27 arrows
Jewellery
 i - a +5 ring of intelligence (left tentacle)
Scrolls
 d - 3 scrolls of remove curse {unknown}
 e - a scroll of enchant armour {unknown}
 h - 2 scrolls of teleportation
 j - a scroll of enchant weapon {unknown}
 l - a scroll of amnesia {unknown}
Potions
 c - 2 potions of curing
Comestibles
 k - a ration


   Skills:
 + Level 3.7 Fighting
 + Level 2.6 Crossbows
 + Level 0.5 Dodging
 + Level 1.3 Stealth
 + Level 1.0 Spellcasting
   Level 1.0 Translocations
   Level 1.2 Poison Magic
   Level 1.1 Evocations


You had 4 spell levels left.
You didn't know any spells.
Your spell library was empty.

Dungeon Overview and Level Annotations

Branches:
Dungeon (2/15)

Altars:


Innate Abilities, Weirdness & Mutations

You cannot wear most types of armour.
You are very stealthy in the water. (Stealth+)
You are amphibious.
You can wear up to eight rings at the same time.
You can use your tentacles to constrict eight enemies at once.
Your skin changes colour to match your surroundings (Stealth+).
Your rubbery body absorbs attacks. (AC +1, EV +1)


Message History

You shoot a bolt. The bolt hits the giant cockroach!
You kill the giant cockroach!
Unknown command.
b - 47 bolts (gained 1)
Found a stone staircase leading up.
There is an open door here.
There is an open door here.
A worm comes into view.
The worm bites you!
You clumsily bash the worm but do no damage.
You grab the worm. You squeeze the worm, but do no damage.
You constrict the worm. The worm bites you!
* * * LOW HITPOINT WARNING * * *
Firing (i - inventory)
b - 47 bolts (quivered)
Press: ? - help, Shift-Dir - straight line, f - worm
Aim: a worm (lightly wounded, constricted by you)
You shoot a bolt. The bolt hits the worm.
The worm is moderately wounded.
You constrict the worm. The worm bites you.
You die...

#...........#
#...........#
#...........#
####.######## #.# #.# ##
##'#######.#
#..........####..
#........@w......
########..........#####.
...........†).....#
########..........#
#............#
#............#
+............#
#....##.##.###
#....##......


You could see a worm.

Vanquished Creatures
  2 dart slugs (D:1)
  A worm (D:2)
  2 leopard geckos (D:1)
  3 bats (D:1)
  A giant cockroach (D:2)
  4 goblins (D:1)
  A hobgoblin (D:1)
  4 jackals
  2 frilled lizards (D:1)
  A kobold (D:1)
  A rat (D:1)
  A plant (D:1)
23 creatures vanquished.

Notes
Turn   | Place    | Note
-------+----------+-------------------------------------------
     0 | D:1      | psuckher the Octopode Wanderer began the quest for the Orb.
     0 | D:1      | psuckher set off with the following items: a +2 hand
                  | crossbow, 25 bolts, 2 potions of curing, a ration
     0 | D:1      | Reached XP level 1. HP: 16/16 MP: 2/2
   145 | D:1      | Reached XP level 2. HP: 21/21 MP: 3/3
   386 | D:1      | Reached XP level 3. HP: 20/27 MP: 4/4
  1093 | D:2      | Slain by a worm

Levels and vault maps discovered:
D:1:      evilmike_arrival_plus, layout_basic, serial_forest,
          infiniplex_forest_clump_large, infiniplex_forest_lined_2,
          infiniplex_forest_straight_3, infiniplex_forest_diagonal,
          infiniplex_forest_lined_3, infiniplex_forest_clump_small,
          infiniplex_forest_clump_small, infiniplex_forest_diagonal,
          minivault_25
D:2:      layout_basic, lemuel_altar_in_water

Action                   || total
-------------------------++-------
Melee: Hand crossbow     ||    42
       Tentacles         ||    16
       Constrict         ||     5
 Fire: Hand crossbow     ||    46
  Use: Scroll            ||     1
  Eat: Ration            ||     2
Armor: Skin              ||     5
Dodge: Dodged            ||    37
